 Dungeon Crawl Stone Soup version 0.28.0-49-g6dfe1f597d (webtiles) character file.

Game seed: 14224994911801773531

15 Zeld the Chopper (level 2, -3/27 HPs)
             Began as a Minotaur Berserker on May 19, 2022.
             Was a Follower of Trog.
             Killed by divine providence
             ... invoked by an orc priest
              (15 damage)
             ... on level 2 of the Dungeon.
             The game lasted 00:00:31 (786 turns).

Zeld the Chopper (Minotaur Berserker)                Turns: 786, Time: 00:00:32

Health: -3/27      AC:  2    Str: 21    XL:     2   Next: 34%
Magic:  1/1        EV: 12    Int:  4    God:    Trog [*.....]
Gold:   76         SH:  0    Dex:  9    Spells: 1/1 levels left

rFire   . . .      SeeInvis .   a - +0 hand axe
rCold   . . .      Faith    .   (no shield)
rNeg    . . .      Spirit   .   b - +0 animal skin
rPois   .          Reflect  .   (helmet restricted)
rElec   .          Harm     .   (no cloak)
rCorr   .          Rampage  .   (no gloves)
Will    .....                   (no boots)
Stlth   +.........              (no amulet)
HPRegen 0.09/turn               (no ring)
MPRegen 0.07/turn               (no ring)

@: no status effects
A: horns 2, retaliatory headbutt
a: Renounce Religion, Berserk


You were on level 2 of the Dungeon.
You worshipped Trog.
Trog was aware of your devotion.
You visited 1 branch of the dungeon, and saw 2 of its levels.

You collected 76 gold pieces.

Inventory:

Hand Weapons
 a - a +0 hand axe (weapon)
Armour
 b - a +0 animal skin (worn)
Scrolls
 c - a scroll of immolation {unknown}
 e - 2 scrolls of vulnerability {unknown}
 f - a scroll of enchant weapon {unknown}
 h - a scroll of teleportation {unknown}
Potions
 d - a potion of curing {unknown}
 g - 2 potions of mutation {unknown}


   Skills:
 * Level 4.0 Fighting
 * Level 4.0 Axes
 + Level 2.6 Armour
 + Level 2.4 Dodging


You had one spell level left.
You didn't know any spells.
Your spell library was empty.

Dungeon Overview and Level Annotations

Branches:
Dungeon (2/15)

Altars:


Innate Abilities, Weirdness & Mutations

You have a pair of horns on your head.
You reflexively headbutt those who attack you in melee.


Message History

A gnoll comes into view. It is wielding a +0 spear.
The gnoll shouts!
You hear a shout!
You hear an angry hiss.
A hobgoblin comes into view.
There are monsters nearby!
The hobgoblin shouts!
You hear a shout!
You hear an angry hiss.
An orc priest comes into view. It is wielding a +0 hand axe.
An orc wizard comes into view. It is wielding a +0 dagger.
A ball python comes into view.
There are monsters nearby!
An orc comes into view. It is wielding a +0 whip.
The orc wizard shouts!
The orc priest casts a cantrip, but nothing happens.
An orc comes into view. It is wielding a +0 morningstar.
The orc shouts! x2
An adder comes into view.
The orc wizard mumbles some strange words.
The orc wizard flickers and vanishes!
Deactivating autopickup; reactivate with Ctrl-A.
The gnoll closely misses you.
You barely miss the gnoll. Your headbutt misses the gnoll.
A bat comes into view.
The gnoll hits you but does no damage. The ball python closely misses you. x2
You closely miss the gnoll. You closely miss the ball python.
The gnoll misses you. You furiously retaliate!
You headbutt the gnoll.
The ball python bites you but does no damage.
The ball python misses you.
You barely miss the gnoll.
The gnoll is heavily wounded.
You hit the ball python.
The ball python bites you but does no damage.
The ball python grabs you. The ball python constricts you.
The gnoll hits you with a +0 spear!
Something hits the plant.
The plant begins to die.
The orc hits the plant with a +0 whip.
You escape the ball python's grasp.
The gnoll hits you from afar with a +0 spear.
Something hits the plant.
The orc priest mumbles some strange prayers to Beogh against you.
Beogh smites you!
Ouch! That really hurt!
You die...

.# .## ..### ###
### . #... #>. ..#
#.. ..## #.# #.#
...♣ ...# #.# #$#
o.≈≈≈ ...#
#.###.###SP≈o≈≈
...#
#.###.##..@Sgg.o≈≈.
..##
#....†....##b.≈.≈≈≈
.##########.###.#
...≈≈≈≈
.....<......# #.#
#.≈.≈≈≈
############# #.#
..≈≈≈≈ #.# .≈.≈.≈
#.. ≈..≈. ### ♣.≈≈.


You could see an orc priest, a gnoll, an adder, an orc, a hobgoblin, a bat and a
ball python.

Vanquished Creatures
  A dart slug (D:1)
  A ball python (D:1)
  A goblin (D:1)
  2 hobgoblins (D:1)
  A kobold (D:1)
  A quokka (D:2)
  A bat (D:1)
  3 frilled lizards (D:1)
  2 rats
13 creatures vanquished.

Vanquished Creatures (others)
  8 plants (D:2)
8 creatures vanquished.

Grand Total: 21 creatures vanquished

Notes
Turn   | Place    | Note
-------+----------+-------------------------------------------
     0 | D:1      | Zeld the Minotaur Berserker began the quest for the Orb.
     0 | D:1      | Reached XP level 1. HP: 19/19 MP: 0/0
   318 | D:1      | Reached XP level 2. HP: 25/27 MP: 1/1
   431 | D:1      | Found a faded altar of an unknown god.
   786 | D:2      | Killed from afar by an orc priest

Illustrated notes

Levels and vault maps discovered:
D:1:      minmay_arrival_loop, layout_basic,
          hellmonk_ecumenical_altar_heavens_door
D:2:      layout_loops_ring, serial_shops, nicolae_shop_stone, serial_bayou,
          serial_bayou_lake_a, serial_bayou_pond_e, serial_bayou_pond_b,
          serial_bayou_pond_a, skrybe_limestone_x

Skill      XL: |  1  2 |
---------------+-------+-----
Axes           | 4 |  4.0
Fighting       | 4 |  4.0
Armour         | |  2.6
Dodging        | |  2.4

Action                   || total
-------------------------++-------
Melee: Hand axe          ||    30
Armor: Animal skin       ||     9
Dodge: Dodged            ||    21
